 Dungeon Sprint DCSS version 0.17-a0-1397-g0eee0a3 (webtiles) character file.

9200000 Kidiri the Axe Maniac (level 27, -18/323 HPs)
             Began as a Troll Warper on June 17, 2015.
             Was the Champion of Makhleb.
             Demolished by The Servant
             ... wielding a +9 glaive of flaming
              (126 damage)
             ... in the Dungeon (Sprint VIII: "Arena of Blood").
             The game lasted 00:04:41 (92 turns).

Kidiri the Axe Maniac (Troll Warper)                  Turns: 92, Time: 00:04:42

Health: -18/323    AC:  7    Str: 27    XL:     27
Magic:  36/53      EV: 31    Int:  9    God:    Makhleb [******]
Gold:   0          SH:  0    Dex: 18    Spells: 1 memorised, 79 levels left

rFire  + . .     SeeInvis .     l - +∞ Axe of Woe
rCold  . . .     Clarity  .     b - +0 robe
rNeg   . . .     SustAt   .     (no shield)
rPois  .         Gourm    +     (helmet restricted)
rElec  .         Spirit   .     (no cloak)
rCorr  .         Warding  .     (gloves unavailable)
rMut   .         NoTele   +     (boots unavailable)
MR     ++...                    (no amulet)
Stlth  ++++++....               (no ring)
                                m - ring of protection from fire

@: very resistant to hostile enchantments, very stealthy
A: unfitting armour, claws 3, fast metabolism 3, gourmand, regeneration 2,
shaggy fur 1, tough skin 2
a: Minor Destruction, Lesser Servant of Makhleb, Major Destruction, Greater
Servant of Makhleb, Renounce Religion


You were in the Dungeon.
You worshipped Makhleb.
Makhleb was exalted by your worship.
You were not hungry.

You visited 1 branch

Inventory:

Hand weapons
 a - a +0 hand axe
 l - the +∞ Axe of Woe (weapon)
   (You found it in the Dungeon)
Missiles
 e - 5 tomahawks of dispersal (quivered)
Armour
 b - a +0 robe (worn)
Jewellery
 m - a ring of protection from fire (left claw)
Scrolls
 d - 2 scrolls of blinking
Potions
 g - a potion of curing
 h - a potion of heal wounds
 i - a potion of haste
 j - 2 potions of magic
 k - a potion of berserk rage
Books
 c - a book of Spatial Translocations

   Spells                             Type                      Level
   a - Apportation                    Translocation                1
   b - Blink                          Translocation                2
   c - Shroud of Golubria             Charms/Translocation         2
   d - Portal Projectile              Translocation                3
   e - Teleport Other                 Translocation                3
   f - Passage of Golubria            Translocation                4
Comestibles
 f - 2 bread rations


   Skills:
 O Level 27 Fighting
 O Level 27 Axes
 O Level 27 Throwing
 O Level 27 Armour
 O Level 27 Dodging
 O Level 27 Stealth
 O Level 27 Unarmed Combat
 O Level 27 Spellcasting
 O Level 27 Translocations
 O Level 27 Invocations


You had 79 spell levels left.
You knew the following spells:

 Your Spells              Type           Power        Failure   Level  Hunger
a - Apportation           Tloc           ######....   0%          1    None


Dungeon Overview and Level Annotations

Branches:
Dungeon (1/1)

Altars:
Makhleb

Annotations:
D The Servant


Innate Abilities, Weirdness & Mutations

You are too large for most types of armour.
You have claws for hands.
Your metabolism is lightning-fast.
You like to eat raw meat.
You heal very quickly.
You are covered in fur (AC +1).
You have very tough skin (AC +2).


Message History

Makhleb accepts your kill.
You feel a little better.
The tyrant mumbles some strange words.
You hear a shout! x2
The dread calls on the powers of darkness!
The Servant convulses!
The bag of meat convulses!
The bag of meat convulses!
The large bag of meat convulses!
The bag of meat convulses!
Your body is wracked with pain!
* * * LOW HITPOINT WARNING * * *
The bag of meat convulses! x2
You hear a shout! x3
A bag of meat comes into view. It is wielding a +9 war axe.
You chop the large abomination into pieces!!!!
You pulverise the large abomination into a thin bloody mist.
You destroy the large abomination!
Makhleb accepts your kill.
You feel a little better.
You hear a shout!
The Servant hits you from afar with a +9 glaive of flaming!!!!
You die...

#..zoo.X #..oo.X
#XXLXo###......#...
#..oC#.............
#2X......#.........
#X@LXW....#......oo
#)))....o....#....
#.@...o...#......##
#.)..#....z..o..)..
#.)..##...§§§)#).))
#.)...#.X.))#).))).
#.)))..###§§§..)...
#)))V.##§§§)#§.....
#.)).#o)))§)..#...§
#....#x..)§........
#................##


You could see 4 tentacled monstrosities, a meat beast, 2 tyrants, The Servant, a
destroyer, a sculptor of flesh, a large bag of meat (inner flame), 4 large
abominations, a dread, a small abomination and 9 bags of meat.

Vanquished Creatures
  2 hell beasts (D)
  2 greater mummies (D)
  9 vampire knights (D)
  26 ogres (D)
  A lich (D)
  79 orcs (D)
  3 hill giants (D)
  A skeletal warrior (D)
  3 large abominations (D)
  2 small abominations (D)
  A crawling corpse (D)
129 creatures vanquished.

Notes
Turn   | Place    | Note
--------------------------------------------------------------
     0 | D        | Kidiri the Troll Warper began the quest for the Orb.
     0 | D        | Reached XP level 1. HP: 19/19 MP: 1/1
     3 | D        | Noticed a bag of meat
     4 | D        | Became a worshipper of Makhleb the Destroyer
     5 | D        | Noticed a meat berserker
     6 | D        | Noticed a bag of meat
     6 | D        | Noticed a meat berserker
     6 | D        | Noticed a bag of meat
     6 | D        | Noticed a bag of meat
     7 | D        | Noticed a bag of meat
     7 | D        | Noticed a bag of meat
     7 | D        | Noticed a bag of meat
     7 | D        | Noticed a meat berserker
     8 | D        | Noticed a bag of meat
     8 | D        | Noticed a bag of meat
     8 | D        | Noticed a bag of meat
     8 | D        | Killed a meat berserker
     8 | D        | Reached skill level 16 in Fighting
     8 | D        | Reached skill level 21 in Axes
     8 | D        | Reached XP level 2. HP: 22/59 MP: 2/2
     8 | D        | Reached XP level 3. HP: 24/67 MP: 3/3
     8 | D        | Reached XP level 4. HP: 27/76 MP: 4/4
     8 | D        | Reached XP level 5. HP: 29/84 MP: 5/5
     8 | D        | Reached XP level 6. HP: 32/93 MP: 6/6
     8 | D        | Reached XP level 7. HP: 35/102 MP: 7/7
     8 | D        | Reached XP level 8. HP: 38/111 MP: 8/8
     8 | D        | Reached XP level 9. HP: 40/119 MP: 9/9
     8 | D        | Reached XP level 10. HP: 43/128 MP: 10/10
     8 | D        | Reached XP level 11. HP: 45/136 MP: 11/11
     8 | D        | Reached XP level 12. HP: 47/145 MP: 12/12
     8 | D        | Reached XP level 13. HP: 49/154 MP: 13/13
     9 | D        | Killed a meat berserker
     9 | D        | Acquired Makhleb's first power
     9 | D        | Reached skill level 24 in Axes
     9 | D        | Reached XP level 14. HP: 117/170 MP: 14/14
     9 | D        | Killed a meat berserker
     9 | D        | Reached skill level 27 in Axes
     9 | D        | Reached XP level 15. HP: 177/187 MP: 15/15
    10 | D        | Noticed a bag of meat
    10 | D        | Killed a bag of meat
    10 | D        | Acquired Makhleb's second power
    11 | D        | Killed a bag of meat
    12 | D        | Noticed a bag of meat
    12 | D        | Killed a bag of meat
    12 | D        | Acquired Makhleb's third power
    12 | D        | Reached XP level 16. HP: 203/215 MP: 16/16
    12 | D        | Killed a bag of meat
    12 | D        | Reached skill level 27 in Fighting
    12 | D        | Reached skill level 10 in Dodging
    12 | D        | Killed a bag of meat
    12 | D        | Acquired Makhleb's fourth power
    13 | D        | Noticed a meat berserker
    13 | D        | Killed a bag of meat
    13 | D        | Reached XP level 17. HP: 223/226 MP: 17/17
    13 | D        | Killed a bag of meat
    13 | D        | Reached skill level 15 in Throwing
    14 | D        | Killed a bag of meat
    14 | D        | Killed a bag of meat
    14 | D        | Acquired Makhleb's fifth power
    15 | D        | Noticed a bag of meat
    15 | D        | Killed a bag of meat
    15 | D        | Reached XP level 18. HP: 236/236 MP: 18/18
    16 | D        | Noticed a bag of meat
    17 | D        | Noticed a bag of meat
    18 | D        | Noticed a meat berserker
    18 | D        | Noticed a bag of meat
    18 | D        | Noticed a bag of meat
    19 | D        | Noticed a meat berserker
    19 | D        | Killed a meat berserker
    19 | D        | Killed a bag of meat
    19 | D        | Reached skill level 27 in Dodging
    20 | D        | Noticed a meat berserker
    20 | D        | Noticed a meat berserker
    20 | D        | Noticed a bag of meat
    20 | D        | Noticed a bag of meat
    20 | D        | Noticed a bag of meat
    21 | D        | Noticed a meat berserker
    21 | D        | Noticed a large bag of meat
    21 | D        | Killed a bag of meat
    21 | D        | Reached XP level 19. HP: 245/245 MP: 19/19
    22 | D        | Noticed a bag of meat
    22 | D        | Noticed a bag of meat
    22 | D        | Noticed a bag of meat
    22 | D        | Killed a bag of meat
    22 | D        | Killed a meat berserker
    22 | D        | Reached skill level 27 in Throwing
    22 | D        | Killed a bag of meat
    22 | D        | Reached skill level 10 in Invocations
    22 | D        | Killed a bag of meat
    22 | D        | Reached skill level 10 in Translocations
    23 | D        | Noticed a bag of meat
    23 | D        | Noticed a bag of meat
    23 | D        | Noticed a meat berserker
    24 | D        | Noticed a bag of meat
    24 | D        | Noticed a meat berserker
    24 | D        | Noticed a bag of meat
    24 | D        | Noticed a bag of meat
    25 | D        | Noticed a bag of meat
    25 | D        | Killed a bag of meat
    25 | D        | Reached skill level 10 in Stealth
    25 | D        | Reached XP level 20. HP: 256/256 MP: 19/32
    25 | D        | Killed a meat berserker
    25 | D        | Reached skill level 15 in Invocations
    25 | D        | Killed a meat berserker
    26 | D        | Noticed a bag of meat
    26 | D        | Noticed a bag of meat
    26 | D        | Killed a bag of meat
    26 | D        | Reached skill level 15 in Translocations
    26 | D        | Reached XP level 21. HP: 265/265 MP: 19/37
    26 | D        | Killed a meat berserker
    26 | D        | Reached skill level 15 in Stealth
    26 | D        | Noticed a large bag of meat
    26 | D        | Noticed a bag of meat
    27 | D        | Noticed a bag of meat
    27 | D        | Killed a meat berserker
    27 | D        | Reached skill level 15 in Spellcasting
    27 | D        | Killed a bag of meat
    27 | D        | Killed a bag of meat
    28 | D        | Killed a meat berserker
    28 | D        | Reached XP level 22. HP: 275/275 MP: 20/42
    29 | D        | Noticed a bag of meat
    29 | D        | Noticed a meat berserker
    29 | D        | Noticed a bag of meat
    29 | D        | Noticed a bag of meat
    30 | D        | Noticed a destroyer
    30 | D        | Noticed a bag of meat
    30 | D        | Noticed a meat berserker
    30 | D        | Noticed a bag of meat
    30 | D        | Noticed a destroyer
    30 | D        | Noticed a bag of meat
    30 | D        | Noticed a bag of meat
    31 | D        | Noticed a meat berserker
    31 | D        | Noticed a bag of meat
    31 | D        | Noticed a bag of meat
    31 | D        | Noticed a destroyer
    31 | D        | Noticed a bag of meat
    31 | D        | Noticed a bag of meat
    32 | D        | Noticed a bag of meat
    32 | D        | Noticed a bag of meat
    32 | D        | Killed a bag of meat
    32 | D        | Killed a bag of meat
    33 | D        | Noticed a bag of meat
    33 | D        | Noticed a bag of meat
    33 | D        | Noticed a bag of meat
    33 | D        | Killed a meat berserker
    34 | D        | Noticed a bag of meat
    34 | D        | Noticed a meat berserker
    34 | D        | Noticed a bag of meat
    34 | D        | Noticed a bag of meat
    34 | D        | Noticed a large bag of meat
    34 | D        | Killed a meat berserker
    34 | D        | Reached skill level 27 in Unarmed Combat
    34 | D        | Reached XP level 23. HP: 284/284 MP: 21/45
    34 | D        | Killed a bag of meat
    34 | D        | Noticed a bag of meat
    35 | D        | Noticed a bag of meat
    35 | D        | Killed a large bag of meat
    35 | D        | Killed a bag of meat
    35 | D        | Reached skill level 27 in Invocations
    36 | D        | Noticed a bag of meat
    36 | D        | Noticed a bag of meat
    36 | D        | Noticed a meat berserker
    36 | D        | Noticed a bag of meat
    36 | D        | Noticed a bag of meat
    36 | D        | Noticed a meat berserker
    36 | D        | Noticed a destroyer
    36 | D        | Killed a large bag of meat
    36 | D        | Killed a bag of meat
    36 | D        | Killed a meat berserker
    36 | D        | Killed a destroyer
    36 | D        | Reached XP level 24. HP: 295/295 MP: 21/49
    36 | D        | Killed a bag of meat
    37 | D        | Noticed a bag of meat
    37 | D        | Noticed a bag of meat
    37 | D        | Noticed a bag of meat
    38 | D        | Noticed a bag of meat
    38 | D        | Noticed a bag of meat
    38 | D        | Noticed a destroyer
    38 | D        | Killed a bag of meat
    38 | D        | Reached skill level 27 in Translocations
    38 | D        | Killed a bag of meat
    38 | D        | Killed a destroyer
    38 | D        | Reached skill level 27 in Stealth
    38 | D        | Killed a bag of meat
    38 | D        | Reached skill level 27 in Spellcasting
    38 | D        | Killed a bag of meat
    39 | D        | Noticed a bag of meat
    39 | D        | Noticed a bag of meat
    39 | D        | Noticed a bag of meat
    40 | D        | Killed a bag of meat
    40 | D        | Reached XP level 25. HP: 304/304 MP: 23/53
    40 | D        | Killed a bag of meat
    40 | D        | Killed a meat berserker
    40 | D        | Killed a bag of meat
    40 | D        | Killed a bag of meat
    40 | D        | Reached skill level 27 in Armour
    41 | D        | Noticed a bag of meat
    41 | D        | Killed a meat berserker
    41 | D        | Killed a bag of meat
    41 | D        | Killed a bag of meat
    41 | D        | Reached XP level 26. HP: 314/314 MP: 23/53
    41 | D        | Killed a bag of meat
    42 | D        | Killed a bag of meat
    42 | D        | Killed a meat berserker
    42 | D        | Killed a bag of meat
    42 | D        | Killed a destroyer
    43 | D        | Noticed a destroyer
    43 | D        | Killed a bag of meat
    43 | D        | Killed a bag of meat
    43 | D        | Reached XP level 27. HP: 323/323 MP: 23/53
    43 | D        | Killed a bag of meat
    43 | D        | Killed a bag of meat
    43 | D        | Killed a destroyer
    44 | D        | Noticed a bag of meat
    44 | D        | Killed a large bag of meat
    44 | D        | Killed a bag of meat
    45 | D        | Killed a bag of meat
    45 | D        | Killed a bag of meat
    45 | D        | Killed a bag of meat
    45 | D        | Killed a bag of meat
    45 | D        | Killed a bag of meat
    45 | D        | Killed a bag of meat
    46 | D        | Killed a bag of meat
    46 | D        | Killed a bag of meat
    46 | D        | Killed a bag of meat
    47 | D        | Noticed a bag of meat
    47 | D        | Noticed a meat berserker
    47 | D        | Noticed a bag of meat
    47 | D        | Killed a bag of meat
    47 | D        | Killed a bag of meat
    47 | D        | Killed a bag of meat
    47 | D        | Killed a bag of meat
    47 | D        | Killed a bag of meat
    48 | D        | Noticed an accursed
    49 | D        | Killed a destroyer
    49 | D        | Killed a bag of meat
    50 | D        | Noticed a bag of meat
    51 | D        | Noticed a destroyer
    51 | D        | Noticed a destroyer
    52 | D        | Noticed a bag of meat
    52 | D        | Noticed a bag of meat
    52 | D        | Noticed a bag of meat
    53 | D        | Noticed a tyrant
    55 | D        | Killed a destroyer
    55 | D        | Killed a bag of meat
    55 | D        | Killed a destroyer
    55 | D        | Killed a destroyer
    56 | D        | Killed a meat berserker
    57 | D        | Noticed a sculptor of flesh
    57 | D        | Killed a bag of meat
    57 | D        | Killed a meat berserker
    59 | D        | Killed a tyrant
    60 | D        | Killed a bag of meat
    61 | D        | Noticed a meat berserker
    61 | D        | Killed a bag of meat
    62 | D        | Killed a bag of meat
    62 | D        | Killed a bag of meat
    63 | D        | Noticed a meat berserker
    63 | D        | Killed a bag of meat
    64 | D        | Killed an accursed
    65 | D        | Killed a bag of meat
    65 | D        | Killed a bag of meat
    67 | D        | Killed a meat berserker
    67 | D        | Killed a bag of meat
    69 | D        | Killed a meat berserker
    69 | D        | Killed a bag of meat
    71 | D        | Noticed a meat beast
    71 | D        | Killed a bag of meat
    72 | D        | Noticed a destroyer
    73 | D        | Noticed a bag of meat
    74 | D        | Noticed a meat berserker
    74 | D        | Killed a meat beast
    74 | D        | Killed a bag of meat
    75 | D        | Noticed a bag of meat
    75 | D        | Noticed a bag of meat
    75 | D        | Noticed a tyrant
    76 | D        | Noticed a large bag of meat
    76 | D        | Noticed a meat berserker
    76 | D        | Noticed a meat berserker
    76 | D        | Killed a destroyer
    76 | D        | Killed a sculptor of flesh
    77 | D        | Noticed a meat beast
    77 | D        | Noticed a meat berserker
    77 | D        | Killed a bag of meat
    78 | D        | Noticed a bag of meat
    78 | D        | Killed a meat berserker
    79 | D        | Noticed a meat berserker
    79 | D        | Noticed a meat berserker
    79 | D        | Noticed The Servant
    79 | D        | Killed a bag of meat
    80 | D        | Noticed a bag of meat
    82 | D        | Noticed a bag of meat
    82 | D        | Killed a bag of meat
    82 | D        | Killed a bag of meat
    82 | D        | Killed a meat berserker
    83 | D        | Noticed a bag of meat
    83 | D        | Noticed an accursed
    83 | D        | Noticed a tyrant
    83 | D        | Noticed a dread
    83 | D        | Killed a meat berserker
    84 | D        | Noticed a bag of meat
    84 | D        | Noticed a bag of meat
    84 | D        | Killed a meat berserker
    84 | D        | Killed a meat berserker
    85 | D        | Noticed a bag of meat
    86 | D        | Noticed a bag of meat
    86 | D        | Noticed a destroyer
    86 | D        | Killed a bag of meat
    87 | D        | Killed a meat berserker
    88 | D        | Noticed a bag of meat
    88 | D        | Noticed a bag of meat
    88 | D        | Noticed a meat berserker
    88 | D        | Killed a meat beast
    89 | D        | Noticed a bag of meat
    89 | D        | Killed an accursed
    90 | D        | Noticed a sculptor of flesh
    90 | D        | Noticed a meat beast
    91 | D        | Noticed a bag of meat
    91 | D        | Killed a bag of meat
    91 | D        | Killed a bag of meat
    91 | D        | Killed a bag of meat
    92 | D        | Noticed a bag of meat
    92 | D        | Demolished by The Servant

Vault maps used:
D:        meatsprint

Action                   |  1- 3 |  4- 6 |  7- 9 | 10-12 | 13-15 | 16-18 | 19-21 | 22-24 | 25-27 || total
-------------------------+-------+-------+-------+-------+-------+-------+-------+-------+-------++-------
Melee: Executioner's axe |     1 |       |       |       |     4 |     5 |     5 |     7 |    35 ||    57
